Kradschützen Motorcycle Team
Kradschützen Motorcycle Team
Selects Armored Support Battlegroup
Selects Armored Support Battlegroup
Construct Light Support Kompanie
Selects Superior Fire Drills
Panzerjäger Mechanized Group
Construct Mechanized Kompanie
Selects Flammpanzer III Medium Tank
Flammpanzer III Medium Tank
Panzerjäger Mechanized Group
254 Reconnaissance Tractor
Marder III Tank Destroyer
Selects Command Panzer IV F Medium Tank
Marder III Tank Destroyer
Selects Stuka Anti-tank Loiter
Selects Command Panzer IV F Medium Tank
Panzerjäger Mechanized Group
Marder III Tank Destroyer
Marder III Tank Destroyer
254 Reconnaissance Tractor